 Dungeon Crawl Stone Soup version 0.21.1-1-g345015f (webtiles) character file.

2802 shakethe the Cleaver (level 9, -7/81 HPs)
             Began as a Hill Orc Fighter on Feb 26, 2018.
             Was a Follower of Kikubaaqudgha.
             Killed from afar by Dowan (15 damage)
             ... with a shard of ice
             ... on level 7 of the Dungeon.
             The game lasted 00:10:26 (8584 turns).

shakethe the Cleaver (Hill Orc Fighter)             Turns: 8584, Time: 00:10:27

Health: -7/81      AC:  7    Str: 19    XL:     9   Next: 71%
Magic:  9/9        EV:  8    Int: 11    God:    Kikubaaqudgha [*.....]
Gold:   197        SH: 10    Dex: 10    Spells: 8/8 levels left

rFire    . . .     SeeInvis .   a - +1 war axe
rCold    + . .     Gourm    .   c - +0 shield
rNeg     . . .     Faith    .   b - +0 scale mail
rPois    .         Spirit   .   (no helmet)
rElec    .         Reflect  .   (no cloak)
rCorr    +         Harm     .   (no gloves)
MR       .....                  (no boots)
Stlth    ..........             (no amulet)
HPRegen  0.23/turn              k - ring of protection from cold {rC+, !d}
MPRegen  0.11/turn              s - ring of resist corrosion

@: no status effects
A: no striking features
a: Receive Corpses, Renounce Religion


You were on level 7 of the Dungeon.
You worshipped Kikubaaqudgha.
Kikubaaqudgha was aware of your devotion.
You were very hungry.

You visited 2 branches of the dungeon, and saw 9 of its levels.

You collected 197 gold pieces.

Inventory:

Hand Weapons
 a - a +1 war axe (weapon)
Missiles
 z - a throwing net {=f, !d}
Armour
 b - a +0 scale mail (worn)
 c - a +0 shield (worn)
Jewellery
 k - a ring of protection from cold (left hand) {rC+, !d}
   (You found it on level 1 of the Dungeon)
 s - a ring of resist corrosion (right hand)
   (You found it on level 3 of the Dungeon)
Wands
 r - a wand of flame (31)
   (You found it on level 3 of the Dungeon)
 u - a wand of iceblast (7)
   (You took it off an orc on level 5 of the Dungeon)
 C - a wand of polymorph (2)
   (You took it off a crimson imp on level 8 of the Dungeon)
Scrolls
 h - 5 scrolls of teleportation
 i - a scroll of magic mapping {!r}
 j - a scroll of enchant weapon
 l - a scroll of blinking {unknown}
 m - 2 scrolls of identify
 o - a scroll of fog {unknown}
 p - 2 scrolls of amnesia {unknown}
 t - 2 scrolls of fear
 v - a scroll of noise {unknown}
 w - a scroll of immolation {unknown}
 y - a scroll of holy word {!r}
 D - a scroll of remove curse {unknown}
Potions
 d - 2 potions of brilliance
 e - a potion of berserk rage {!q}
 g - 2 potions of haste
 n - a potion of curing
 B - a potion of might
Books
 x - Kikubaaqudgha's Incunabulum of Dark Arts
   (Kikubaaqudgha gifted it to you on level 5 of the Dungeon)

   Spells                             Type                      Level
   a - Animate Skeleton               Necromancy                   1
   b - Pain                           Necromancy                   1
   c - Sublimation of Blood           Necromancy                   2
   d - Regeneration                   Charms/Necromancy            3
 A - a book of Maledictions
   (You found it on level 7 of the Dungeon)
Comestibles
 f - 7 rations


   Skills:
 + Level 7.9 Fighting
 * Level 11.0 Axes
 + Level 7.2 Armour
 + Level 7.1 Shields


You had 8 spell levels left.
You didn't know any spells.

Dungeon Overview and Level Annotations

Branches:
Dungeon (8/15)             Temple (1/1) D:4
   Lair: D:8-11

Altars:
Ashenzari
Cheibriados
Dithmenos
Elyvilon
Fedhas
Gozag
Hepliaklqana
Kikubaaqudgha
Makhleb
Nemelex Xobeh
Okawaru
Qazlal
Ru
Sif Muna
Trog
Uskayaw
Vehumet
Wu Jian
Xom
Yredelemnul
Zin

Shops:
D:4 =

Annotations:
D:6 KMICIC's ghost, novice MiBe
D:7 Dowan


Message History

You slash the orc wizard!
You kill the orc wizard!
Kikubaaqudgha accepts your kill.
You hit Dowan. You block Dowan's attack. Dowan hits you but does no damage.
You closely miss Dowan. Dowan hits you but does no damage.
You block Dowan's attack.
You closely miss Dowan. You block Dowan's attack.
You hit Dowan.
Dowan says, "Magic will overcome all!"
Dowan hits you but does no damage.
You hit Dowan.
Dowan points at you and mumbles some strange words.
The shard of ice hits you! Dowan hits you but does no damage.
You slash Dowan! You block Dowan's attack.
An ice beast comes into view.
You closely miss Dowan. You block Dowan's attack.
Dowan hits you but does no damage.
Your shield prevents you from hitting Dowan.
You closely miss the ice beast. Dowan hits you but does no damage.
The ice beast hits you but does no damage.
You hit the ice beast but do no damage. You barely miss Dowan.
Dowan drinks a potion.
Dowan is healed!
The ice beast hits you but does no damage.
You block Dowan's attack.
You slash the ice beast! You closely miss Dowan.
The ice beast hits you but does no damage.
You block Dowan's attack.
You hit the ice beast but do no damage. You slash Dowan!
Dowan points at you and mumbles some strange words.
The shard of ice hits you! You partially resist.
* * * LOW HITPOINT WARNING * * *
The ice beast hits you but does no damage.
You block Dowan's attack.
You take 15 damage, and have 11/121 hp.
You hit the ice beast. You hit Dowan but do no damage.
You block Dowan's attack.
The ice beast hits you but does no damage.
Dowan casts a spell.
Dowan blinks!
You hit the ice beast but do no damage.
The ice beast hits you but does no damage.
You barely miss the ice beast. You block the ice beast's attack.
You hit the ice beast.
The ice beast hits you but does no damage.
You closely miss the ice beast.
The ice beast hits you but does no damage.
You closely miss the ice beast.
Your transformation is almost over.
Dowan mumbles some strange words.
Dowan blinks!
You block the ice beast's attack.
You slash the ice beast!
You kill the ice beast!
Kikubaaqudgha accepts your kill.
Your Axes skill increases to level 11!
Dowan casts a spell at you. The shard of ice hits you! You partially resist.
* * * LOW HITPOINT WARNING * * *
You take 10 damage, and have 3/121 hp.
You feel better.
The centaur wields a shortbow.
The centaur shoots an arrow.
The arrow hits you but does no damage.
A centaur comes into view. It is wielding a shortbow.
You regained 11 hp, and now have 14/121 hp.
You closely miss Dowan. Dowan hits you but does no damage.
You barely miss Dowan. Dowan hits you but does no damage. x2
You are feeling very hungry.
You hit Dowan. Dowan hits you but does no damage.
You closely miss Dowan.
Dowan gestures wildly while chanting.
Dowan blinks!
The centaur shoots an arrow.
The arrow hits you but does no damage.
The centaur shoots an arrow.
You block the arrow.
The centaur shoots an arrow.
You block the arrow.
The centaur shoots an arrow.
The arrow hits you but does no damage.
Your shield prevents you from hitting Dowan.
You hit the centaur.
You feel less wooden.
Your +0 scale mail unmelds from your body.
Dowan hits you with a dagger.
* * * LOW HITPOINT WARNING * * *
The centaur unwields an uncursed shortbow.
You block the centaur's attack.
You now have 7/81 hp.
You barely miss Dowan. You hit the centaur but do no damage.
You block Dowan's attack. The centaur hits you.
* * * LOW HITPOINT WARNING * * *
Dowan casts a spell.
Dowan blinks!
You take 1 damage, and have 6/81 hp.
You feel better. You block the centaur's attack.
The centaur hits you but does no damage.
You regained 9 hp, and now have 15/81 hp.
You slash the centaur! The centaur hits you.
* * * LOW HITPOINT WARNING * * *
You hit the centaur but do no damage. The centaur hits you!
* * * LOW HITPOINT WARNING * * *
Dowan casts a spell at you. The shard of ice hits you! You partially resist.
You die...
Kikubaaqudgha rasps: "You have failed me!
Welcome... death!"

#....# .####.....#
###..##.....#.....
.#+#.###...#.....#.....#
.........#.#...........#
.....#####......... ...
##........ . #..e.....
######c§#.###.
...$...)@#.# .#########
#


You could see Dowan and a centaur.

Vanquished Creatures
  Grinder (D:3)
  Duvessa (D:7)
  3 ice beasts
  3 sky beasts
  A phantom (D:4)
  2 centaurs
  3 ogres (D:5)
  A bullfrog (D:6)
  3 scorpions
  2 howler monkeys
  A centaur zombie (D:6)
  4 crimson imps
  9 orc priests
  3 hounds
  5 orc wizards
  Terence (D:2)
  An iguana (D:4)
  Ijyb (D:3)
  7 worker ants
  7 gnolls
  8 adders
  An ooze (D:2)
  2 adder skeletons
  4 worms
  A dart slug (D:5)
  24 orcs
  3 giant cockroaches
  11 hobgoblins
  2 jackals (D:4)
  3 quokkas
  10 bats
  4 frilled lizards
  4 goblins
  9 kobolds
  2 leopard gecko skeletons
  10 rats
157 creatures vanquished.

Notes
Turn   | Place    | Note
-------+----------+-------------------------------------------
     0 | D:1      | shakethe the Hill Orc Fighter began the quest for the Orb.
     0 | D:1      | Reached XP level 1. HP: 19/19 MP: 1/1
   183 | D:1      | Reached skill level 3 in Axes
   261 | D:1      | Reached XP level 2. HP: 19/27 MP: 2/2
   794 | D:1      | Reached XP level 3. HP: 33/33 MP: 3/3
  1256 | D:2      | Reached skill level 4 in Fighting
  1617 | D:2      | Noticed Terence
  1623 | D:2      | Killed Terence
  1623 | D:2      | Reached skill level 4 in Axes
  1623 | D:2      | Reached XP level 4. HP: 39/40 MP: 4/4
  2196 | D:3      | Reached skill level 4 in Armour
  2196 | D:3      | Reached skill level 4 in Shields
  2196 | D:3      | Reached XP level 5. HP: 40/47 MP: 5/5
  2341 | D:3      | Noticed Grinder
  2351 | D:3      | Killed Grinder
  2351 | D:3      | Reached skill level 5 in Fighting
  2351 | D:3      | Reached skill level 6 in Axes
  2351 | D:3      | Reached XP level 6. HP: 29/56 MP: 6/6
  2528 | D:3      | Noticed Ijyb
  2543 | D:3      | Killed Ijyb
  2738 | D:3      | Found a hazy altar of Hepliaklqana.
  3118 | D:3      | Reached XP level 7. HP: 60/61 MP: 7/7
  3314 | D:4      | Reached skill level 5 in Armour
  3324 | D:5      | Entered Level 5 of the Dungeon
  3324 | D:5      | HP: 15/61 [poisoned by an adder]
  3330 | D:5      | HP: 12/61 [poisoned by an adder]
  3336 | D:5      | HP: 10/61 [poisoned by an adder]
  3341 | D:5      | HP: 9/61 [poisoned by an adder]
  3349 | D:5      | HP: 9/61 [poisoned by an adder]
  3626 | D:4      | Reached skill level 7 in Axes
  3626 | D:4      | Reached skill level 5 in Shields
  3948 | D:4      | Found Kogiklumao's Jewellery Shoppe.
  4201 | D:4      | Found a staircase to the Ecumenical Temple.
  4238 | D:4      | Reached XP level 8. HP: 55/70 MP: 8/8
  4301 | D:4      | Found a burning altar of Makhleb.
  4345 | Temple   | Entered the Ecumenical Temple
  4445 | Temple   | Became a worshipper of Kikubaaqudgha
  4852 | D:5      | Reached skill level 6 in Fighting
  4852 | D:5      | Reached skill level 8 in Axes
  5295 | D:5      | Reached skill level 6 in Armour
  5505 | D:5      | Reached skill level 9 in Axes
  5546 | D:5      | Reached skill level 6 in Shields
  5656 | D:5      | Reached * piety under Kikubaaqudgha
  5656 | D:5      | Identified Kikubaaqudgha's Incunabulum of Dark Arts (Kikubaaqudgha gifted it to you on level 5 of the Dungeon)
  5656 | D:5      | Received a gift from Kikubaaqudgha
  5656 | D:5      | Reached skill level 7 in Fighting
  5656 | D:5      | Reached XP level 9. HP: 29/79 MP: 9/9
  6177 | D:5      | Found a shimmering altar of Xom.
  6522 | D:5      | Found an ornate altar of the Wu Jian Council.
  6667 | D:6      | Reached skill level 10 in Axes
  7010 | D:6      | Noticed KMICIC's ghost (novice MiBe)
  7816 | D:6      | You fall through a shaft!
  7987 | D:7      | HP: 4/79 [orc priest/divine providence (16)]
  8007 | D:7      | Noticed Duvessa
  8227 | D:8      | Reached skill level 7 in Armour
  8336 | D:7      | Noticed Dowan
  8419 | D:8      | Noticed a two-headed ogre
  8550 | D:7      | Killed Duvessa
  8550 | D:7      | Reached skill level 7 in Shields
  8550 | D:7      | HP: 17/81 [orc wizard/dagger (4)]
  8565 | D:7      | HP: 11/121 [Dowan/shard of ice (15)]
  8572 | D:7      | Reached skill level 11 in Axes
  8572 | D:7      | HP: 3/121 [Dowan/shard of ice (10)]
  8580 | D:7      | HP: 7/81 [Dowan/dagger (3)]
  8584 | D:7      | Killed from afar by Dowan

Skill      XL: |  1  2  3  4  5  6  7  8  9 |
---------------+----------------------------+-----
Axes           | 3 4 6 7 9 11 | 11.0
Fighting       | 4 5 7 |  7.9
Armour         | 4 5 6 7 |  7.2
Shields        | 4 5 6 7 |  7.1

Action                   |  1- 3 |  4- 6 |  7- 9 || total
-------------------------+-------+-------+-------++-------
Melee: War axe           |   103 |   122 |   452 ||   677
       Unarmed           |       |       |    23 ||    23
  Use: Potion            |       |     1 |     4 ||     5
       Scroll            |       |       |    10 ||    10
  Eat: Chunk             |     2 |     5 |     7 ||    14
       Ration            |       |       |     3 ||     3
Armor: Scale mail        |    48 |    55 |   127 ||   230
       Skin              |       |       |    23 ||    23
Dodge: Dodged            |    40 |    36 |   124 ||   200
Block: Shield            |    65 |    49 |   216 ||   330

Vault maps used:
D:1:      nicolae_arrival_washed_ashore
D:2:      uniq_terence
D:3:      lemuel_round_altar, hangedman_decor_riveting, uniq_grinder, uniq_ijyb
D:4:      lemuel_coloured_pillars_altar, lemuel_temple_firewalk_a, serial_shops,
          shop
D:5:      marbit_many_paths, brannock_xom_greatest_gift, first_ration,
          hangedman_minor_gate_pass
D:7:      basic_altar, corexii_item_surrounded_by_moat, the_bakery,
          uniq_duvessa, uniq_menkaure
D:8:      nicolae_overflow_crystal_walls, lemuel_oklob_altar
Temple:   minmay_crystal_spiral_temple

Table legend:
 A = Turns spent in this place as a percentage of turns spent in the entire game.
 B = Non-inter-level travel turns spent in this place as a percentage of non-inter-level travel turns spent in the entire game.
 C = Inter-level travel turns spent in this place as a percentage of turns spent in this place.
 D = Turns resting spent in this place as a percentage of non-inter-level travel turns spent in this place.
 E = Turns spent auto-exploring this place as a percentage of non-inter-level travel turns spent in this place.
 F = Non-inter-level travel turns spent in this place divided by the number of levels of this place that you've seen.
                   A       B       C       D       E      F
               +-------+-------+-------+-------+-------+----------------------
         Total | 100.0 | 100.0 |   3.6 |  41.5 |  41.0 | 919.4
       Dungeon |  97.8 |  98.8 |   2.7 |  42.0 |  40.3 | 1021.6
        Temple |   2.2 |   1.2 |  45.7 |   0.0 |  92.2 | 102.0
               +-------+-------+-------+-------+-------+----------------------

Table legend:
 A = Kills in this place as a percentage of kills in entire the game.
 B = Kills by you in this place as a percentage of kills by you in the entire game.
 C = Kills by friends in this place as a percentage of kills by friends in the entire game.
 D = Other kills in this place as a percentage of other kills in the entire game.
 E = Experience gained in this place as a percentage of experience gained in the entire game.
 F = Experience gained in this place divided by the number of levels of this place that you have seen.
                   A       B       C       D       E      F
               +-------+-------+-------+-------+-------+----------------------
         Total | 100.0 | 100.0 |   N/A |   N/A | 100.0 | 444.8
       Dungeon | 100.0 | 100.0 |   N/A |   N/A | 100.0 | 500.4
               +-------+-------+-------+-------+-------+----------------------
